 Dungeon Crawl Stone Soup version 0.17-a0-1567-gdd419b1 (webtiles) character file.

11707 cmdexe the Cleaver (level 12, 0/97 HPs)
             Began as a Formicid Berserker on July 22, 2015.
             Was a High Priest of Trog.
             Slain by a 11-headed hydra (11 damage)
             ... on level 10 of the Dungeon.
             The game lasted 00:40:21 (12858 turns).

cmdexe the Cleaver (Formicid Berserker)            Turns: 12858, Time: 00:40:21

Health: 0/97       AC: 15    Str: 27    XL:     12   Next: 11%
Magic:  12/12      EV: 18    Int:  2    God:    Trog [*****.]
Gold:   72         SH:  2    Dex: 16    Spells: 0 memorised, 11 levels left

rFire  + . .     SeeInvis +     a - +2 battleaxe (chop)
rCold  . . .     Clarity  .     m - +2 ring mail "Luaqur" {MR++ Int-5}
rNeg   . . .     SustAt   .     (no shield)
rPois  .         Gourm    .     (helmet unavailable)
rElec  .         Spirit   .     q - +0 cloak
rCorr  .         Warding  .     E - +2 pair of fencer's gloves {LBl+4 SBl+4 EV+3 Dex+6}
rMut   .         Stasis   +     e - +0 pair of boots
MR     ++++.                    y - amulet of regeneration
Stlth  ..........               d - ring of loudness
                                w - ring of invisibility

@: incredibly resistant to hostile enchantments, extremely unstealthy
A: permanent stasis, dig shafts and tunnels, four strong arms, antennae 3, large
bone plates 1, deformed body, fire resistance 1, magic resistance 1, sense
surroundings 1, shaggy fur 1, evolution 1
a: Dig, Shaft Self, Burn Spellbooks, Trog's Hand, Brothers in Arms, Renounce
Religion, Evoke Invisibility


You were on level 10 of the Dungeon.
You worshipped Trog.
Trog was extremely pleased with you.
You were very hungry.

You visited 1 branch of the dungeon, and saw 11 of its levels.

You collected 585 gold pieces.
You spent 513 gold pieces at shops.

Inventory:

Hand weapons
 a - a +2 battleaxe of chopping (weapon)
 b - a +0 long sword
 C - a +4 antimagic war axe
Armour
 e - a +0 pair of boots (worn)
 m - the +2 ring mail "Luaqur" (worn) {MR++ Int-5}
   (You found it on level 7 of the Dungeon)

   It affects your intelligence (-5).
   It affects your resistance to hostile enchantments.
 n - a +0 leather armour of poison resistance
 q - a +0 cloak (worn)
 E - the +2 pair of fencer's gloves (worn) {LBl+4 SBl+4 EV+3 Dex+6}
   (You bought it in a shop on level 7 of the Dungeon)

   It affects your evasion (+3).
   It affects your dexterity (+6).
 F - a +4 ring mail
Jewellery
 d - a ring of loudness (right hand)
 f - an uncursed ring of sustain attributes
 w - a ring of invisibility (left hand)
 x - an uncursed amulet of the gourmand
 y - an amulet of regeneration (around neck)
Magical devices
 j - a wand of confusion (27)
 o - a wand of frost (21)
 p - a wand of confusion (19)
 s - a wand of paralysis (9)
 t - a wand of disintegration (7)
 u - a wand of polymorph (0)
Scrolls
 h - a scroll of enchant weapon
 r - a scroll of fear
 z - 2 scrolls of magic mapping
 G - 2 scrolls of remove curse
Potions
 i - a potion of haste
 k - a potion of agility
 v - a potion of brilliance
Comestibles
 c - 3 bread rations
 l - 6 meat rations
 B - 5 fruits


   Skills:
 + Level 9.7 Fighting
 * Level 2.6(6.6) Long Blades
 + Level 13.1 Axes
 + Level 7.9 Armour
 + Level 6.2 Dodging
 + Level 0.2 Evocations


You had 11 spell levels left.
You didn't know any spells.

Dungeon Overview and Level Annotations

Branches:
Dungeon (11/15)            Temple (0/1) D:7            Lair (0/8) D:8
    Orc (0/4) D:10

Altars:
Elyvilon
Fedhas
Gozag
Kikubaaqudgha
Trog
Yredelemnul
The Shining One

Shops:
D:7 [

Annotations:
D:9 herpmino's ghost, experienced FoFi


Innate Abilities, Weirdness & Mutations

You are under a permanent stasis effect.
You can dig through walls and to a lower floor.
Your four strong arms can wield two-handed weapons with a shield.
You have a pair of large antennae on your head (SInv).
You are partially covered in large bone plates (AC +2, SH +2).
Armour fits poorly on your strangely shaped body.
Your flesh is heat resistant.
You are resistant to hostile enchantments.
You passively map a small area around you.
You are covered in fur (AC +1).
You evolve.


Message History

Unknown command.
Drink which item? (? for menu, Esc to quit)
Okay, then.
You lop one of the ten-headed hydra's heads off!
The nine-headed hydra grows two more!
You slash the 11-headed hydra!
The 11-headed hydra is severely wounded.
The 11-headed hydra bites you!
* * * LOW HITPOINT WARNING * * *
You block the 11-headed hydra's attack.
The 11-headed hydra bites you but does no damage.
The 11-headed hydra bites you.
* * * LOW HITPOINT WARNING * * *
The 11-headed hydra bites you.
* * * LOW HITPOINT WARNING * * *
The 11-headed hydra completely misses you.
The 11-headed hydra bites you but does no damage.
The 11-headed hydra closely misses you.
The 11-headed hydra completely misses you.
The 11-headed hydra bites you!
You die...

......(...(................#
............^############..#
.............# #..#
.............############..#
...........................#
........#####..............#
........# #..............#
........#####..............#
................@..........#
.######...######D..........#
.# #...# #...........#
.######...# #......[....#
.<........######.....<[....#
...........................#
#######....................#
# #..#########.........#
#######..#########.........#


You could see a 11-headed hydra.

Vanquished Creatures
  Erolcha (D:8)
  3 hill giants
  A manticore (D:11)
  Maurice (D:9)
  2 trolls
  A trapdoor spider zombie (D:10)
  7 yaks
  Sigmund (D:2)
  A deep elf mage (D:10)
  5 hippogriffs
  Eustachio (D:5)
  3 hungry ghosts
  A deep elf fighter (D:8)
  A water moccasin (D:9)
  Edmund (D:5)
  Duvessa (D:5)
  5 ice beasts
  6 orc warriors
  A black bear (D:8)
  3 sky beasts
  A wasp (D:10)
  4 ogres
  A phantom (D:7)
  3 crocodiles
  2 centaurs
  3 big kobolds
  Dowan (D:5)
  7 giant frogs
  A water moccasin skeleton (D:8)
  3 scorpions
  3 wights (D:10)
  4 crimson imps
  4 killer bees
  4 giant frog zombies
  A jelly (D:10)
  10 hounds
  5 orc wizards (D:10)
  3 orc priests
  2 iguanas
  Jessica (D:2)
  3 centaur skeletons
  A giant frog skeleton (D:4)
  10 worker ants
  Terence (D:1)
  2 quasits
  3 hound skeletons
  A worker ant zombie (D:6)
  3 gnolls (D:7)
  2 river rats
  3 shadow imps
  8 adders
  An adder zombie (D:5)
  3 adder skeletons
  3 worms
  29 orcs
  11 giant cockroaches
  10 goblins
  11 hobgoblins
  13 jackals
  5 quokkas
  A ball python (D:3)
  27 bats
  5 giant geckos
  5 giant newts
  31 kobolds
  23 rats
324 creatures vanquished.

Vanquished Creatures (others)
  A hound (D:8)
1 creature vanquished.

Grand Total: 325 creatures vanquished

Notes
Turn   | Place    | Note
--------------------------------------------------------------
     0 | D:1      | cmdexe the Formicid Berserker began the quest for the Orb.
     0 | D:1      | Reached XP level 1. HP: 18/18 MP: 1/1
   144 | D:1      | Reached XP level 2. HP: 9/24 MP: 2/2
   845 | D:1      | Reached XP level 3. HP: 28/30 MP: 3/3
   968 | D:1      | Acquired Trog's second power
  1037 | D:2      | Noticed Terence
  1079 | D:1      | Killed Terence
  1079 | D:1      | Reached XP level 4. HP: 25/37 MP: 4/4
  1416 | D:2      | Found a white marble altar of Elyvilon.
  1439 | D:2      | Noticed Jessica
  1442 | D:2      | Reached skill level 4 in Axes
  1464 | D:2      | Killed Jessica
  1464 | D:2      | Reached XP level 5. HP: 38/42 MP: 5/5
  1801 | D:2      | Noticed Sigmund
  1869 | D:2      | Killed Sigmund
  1869 | D:2      | Reached skill level 5 in Axes
  1869 | D:2      | Reached XP level 6. HP: 17/49 MP: 6/6
  2065 | D:2      | Found a blossoming altar of Fedhas.
  2132 | D:3      | Found a basalt altar of Yredelemnul.
  2761 | D:4      | Reached XP level 7. HP: 55/55 MP: 7/7
  2825 | D:4      | Found a bloodstained altar of Trog.
  3145 | D:4      | Acquired Trog's third power
  3145 | D:4      | Reached skill level 5 in Fighting
  3545 | D:4      | Found a bloodstained altar of Trog.
  3626 | D:5      | Entered Level 5 of the Dungeon
  3647 | D:5      | Noticed Eustachio
  3685 | D:5      | Killed Eustachio
  3798 | D:5      | Reached skill level 5 in Armour
  3850 | D:5      | Noticed Edmund
  3861 | D:5      | Killed Edmund
  3861 | D:5      | Reached skill level 6 in Axes
  3861 | D:5      | Reached XP level 8. HP: 53/64 MP: 8/8
  3886 | D:5      | Noticed Dowan
  3897 | D:5      | Noticed Duvessa
  3903 | D:5      | Killed Duvessa
  3925 | D:5      | Killed Dowan
  4822 | D:6      | Reached skill level 7 in Axes
  4900 | D:6      | Reached XP level 9. HP: 30/71 MP: 9/9
  5171 | D:6      | Reached skill level 8 in Axes
  5927 | D:7      | Reached skill level 9 in Axes
  6134 | D:7      | Found an opulent altar of Gozag.
  6340 | D:7      | Gained mutation: You evolve. [potion of mutation]
  6340 | D:7      | Gained mutation: Armour fits poorly on your strangely shaped body. [potion of mutation]
  6340 | D:7      | Gained mutation: You are covered in fur (AC +1). [potion of mutation]
  6354 | D:6      | Gained mutation: You are resistant to hostile enchantments. [potion of mutation]
  6354 | D:6      | Gained mutation: You are partially covered in large bone plates (AC +2, SH +2). [potion of mutation]
  6681 | D:7      | Gained mutation: Your flesh is heat resistant. [evolution]
  6890 | D:7      | Got a slimy leather armour
  6964 | D:5      | Identified the +0 leather armour "Rurralliod" {Str+3} (You found it on level 7 of the Dungeon)
  7011 | D:7      | Found a glowing golden altar of the Shining One.
  7060 | D:7      | Got a turquoise-studded ring mail
  7112 | D:7      | Found Zon Goivy's Armour Boutique.
  7120 | D:7      | Reached XP level 10. HP: 70/79 MP: 10/10
  7166 | D:7      | Reached skill level 10 in Axes
  7270 | D:7      | Found a staircase to the Ecumenical Temple.
  7670 | D:7      | Gained mutation: You passively map a small area around you. [evolution]
  8193 | D:8      | Noticed Erolcha
  8203 | D:8      | Killed Erolcha
  8203 | D:8      | Reached skill level 11 in Axes
  8700 | D:8      | Found a staircase to the Lair.
  8836 | D:8      | Received a gift from Trog
  9019 | D:9      | Noticed Maurice
  9035 | D:9      | Killed Maurice
  9511 | D:9      | Noticed herpmino's ghost (experienced FoFi)
  9748 | D:9      | Reached XP level 11. HP: 64/87 MP: 11/11
 10338 | D:10     | Entered Level 10 of the Dungeon
 10646 | D:10     | Reached skill level 12 in Axes
 10646 | D:10     | Reached skill level 5 in Dodging
 10681 | D:10     | Noticed a hill giant
 10689 | D:10     | Killed a hill giant
 10787 | D:10     | Found a staircase to the Orcish Mines.
 11146 | D:9      | Received a gift from Trog
 11185 | D:9      | Found an ancient bone altar of Kikubaaqudgha.
 11275 | D:7      | Bought the +2 pair of fencer's gloves {LBl+4 SBl+4 EV+3 Dex+6} for 513 gold pieces
 11967 | D:10     | Reached skill level 13 in Axes
 11985 | D:10     | Identified the +2 ring mail "Luaqur" {MR++ Int-5} (You found it on level 7 of the Dungeon)
 12305 | D:11     | Noticed a hill giant
 12326 | D:10     | Killed a hill giant
 12435 | D:11     | Noticed a hill giant
 12458 | D:11     | Killed a hill giant
 12458 | D:11     | Reached skill level 1 in Long Blades
 12458 | D:11     | Reached XP level 12. HP: 47/97 MP: 12/12
 12593 | D:11     | Noticed a manticore
 12610 | D:11     | Killed a manticore
 12745 | D:11     | Noticed a seven-headed hydra
 12858 | D:10     | Slain by a 11-headed hydra

Vault maps used:
D:1:      minmay_arrival_diagonal_passages
D:2:      overflow_temple_1_default, fedhas_altar_4, first_bread, uniq_sigmund,
          uniq_jessica, uniq_terence
D:3:      lemuel_round_altar, corexii_corridor_pit
D:4:      kennysheep_mini, trog_book
D:5:      uniq_edmund, uniq_eustachio, uniq_duvessa
D:7:      kennysheep_mini_moat, grunt_gozag_breadcrumbs,
          minmay_temple_entry_mist, serial_shops, nicolae_shop_trees
D:8:      grunt_lair_entry_elf_guard_hut, uniq_erolcha
D:9:      lemuel_coloured_pillars_altar, uniq_maurice
D:10:     orc_0_dummy

Action                   |  1- 3 |  4- 6 |  7- 9 | 10-12 || total
-------------------------+-------+-------+-------+-------++-------
Melee: Hand axe          |   105 |   148 |       |       ||   253
       Scythe            |       |    69 |    76 |       ||   145
       Battleaxe         |       |       |   242 |   385 ||   627
       Long sword        |       |       |       |   113 ||   113
Invok: Trog's Hand       |       |       |     2 |     3 ||     5
       Burn Spellbooks   |       |       |       |     5 ||     5
Evoke: Wand              |       |       |       |    11 ||    11
  Use: Scroll            |       |     4 |     5 |     8 ||    17
       Potion            |       |       |    12 |     3 ||    15
 Stab: Confused          |       |       |       |     1 ||     1
  Eat: Chunk             |       |     5 |     8 |    21 ||    34
       Beef jerky        |       |     1 |     1 |     1 ||     3
       Pizza             |       |       |     1 |       ||     1
       Bread ration      |       |       |     1 |     1 ||     2
       Fruit             |       |       |       |     1 ||     1
